 Dungeon Crawl Stone Soup version 0.27-a0-1296-g8ece459b43 (webtiles) character file.

Game seed: 10490827080800450864

2223 HAL9000 the Covert (level 9, -2/44 HPs)
             Began as a Vine Stalker Brigand on June 16, 2021.
             Was a Follower of Uskayaw.
             Succumbed to a water moccasin's poison
             ... on level 7 of the Dungeon.
             The game lasted 00:10:09 (5681 turns).

HAL9000 the Covert (Vine Stalker Brigand)           Turns: 5681, Time: 00:10:09

Health: -2/44      AC:  5    Str: 16    XL:     9   Next: 35%
Magic:  2/10       EV: 15    Int: 17    God:    Uskayaw [*.....]
Gold:   313        SH:  0    Dex: 17    Spells: 8/8 levels left

rFire    . . .     SeeInvis .   C - +1 short sword (freeze)
rCold    . . .     Faith    .   (no shield)
rNeg     . . .     Spirit   +   b - +0 robe
rPois    .         Reflect  .   D - +0 helmet
rElec    .         Harm     .   t - +0 cloak {Will+}
rCorr    .         Rampage  .   (no gloves)
Will     ++...                  l - +0 pair of boots
Stlth    ++++++....             q - amulet of regeneration
HPRegen  2.14/turn              z - +4 ring of evasion
MPRegen  0.12/turn              j - +6 ring of intelligence

@: brilliant, lethally poisoned (-2 -> -8)
A: fangs 3, regeneration 1, magic shield, antimagic bite, no potion heal 2
a: Renounce Religion, Stomp


You were on level 7 of the Dungeon.
You worshipped Uskayaw.
Uskayaw was noncommittal.
You visited 2 branches of the dungeon, and saw 8 of its levels.

You collected 313 gold pieces.

Inventory:

Hand Weapons
 a - a +2 dagger
 A - a +1 short sword of venom
 C - a +1 short sword of freezing (weapon)
 J - the +3 hunting sling of the Fool {venom, rC+}
   (You found it on level 6 of the Dungeon)

   It poisons the ammo it fires.
   It protects you from cold.
Missiles
 d - 7 poisoned darts
 e - a curare-tipped dart
 y - 7 boomerangs (quivered)
 H - a throwing net
 K - 58 stones
Armour
 b - a +0 robe (worn)
 l - a +0 pair of boots (worn)
 t - a +0 cloak of willpower (worn)
 D - a +0 helmet (worn)
Jewellery
 i - a ring of wizardry
 j - a +6 ring of intelligence (right hand)
 q - an amulet of regeneration (around neck)
 z - a +4 ring of evasion (left hand)
Wands
 F - a wand of acid (9)
Scrolls
 f - 4 scrolls of identify
 g - a scroll of torment {unknown}
 h - a scroll of enchant weapon
 m - a scroll of noise {unknown}
 n - a scroll of immolation {unknown}
 s - a scroll of fear {unknown}
 u - a scroll of fog {unknown}
 v - 2 scrolls of teleportation {unknown}
 E - a scroll of acquirement {unknown}
 I - a scroll of magic mapping {unknown}
Potions
 c - a potion of haste {unknown}
 k - a potion of cancellation {unknown}
 o - 2 potions of degeneration {unknown}
 p - 5 potions of brilliance
 r - 2 potions of flight {unknown}
 w - a potion of invisibility {unknown}
 x - a potion of might {unknown}
 B - a potion of magic {unknown}
 G - a potion of mutation {unknown}


   Skills:
 + Level 3.4 Fighting
 + Level 5.7 Short Blades
 - Level 1.7 Throwing
 - Level 0.7 Dodging
 - Level 13.3 Stealth


You had 8 spell levels left.
You didn't know any spells.
Your spell library was empty.

Dungeon Overview and Level Annotations

Branches:
Dungeon (7/15)             Temple (1/1) D:6

Altars:
Ashenzari
Cheibriados
Dithmenos
Elyvilon
Fedhas
Gozag
Hepliaklqana
Kikubaaqudgha
Makhleb
Nemelex Xobeh
Okawaru
Qazlal
Ru
Sif Muna
Trog
Uskayaw
Vehumet
Wu Jian
Xom
Yredelemnul
Zin
The Shining One

Annotations:
D:4 Natasha


Innate Abilities, Weirdness & Mutations

You have razor-sharp teeth.
Your natural rate of healing is unusually fast.
When hurt, damage is shared between your health and your magic reserves.
Your bite disrupts and absorbs the magic of your enemies.
Potions cannot restore your health.


Message History

You feel sick.
The kobold shouts!
You closely miss the water moccasin. You bite the water moccasin.
You drain its power.
You feel invigorated.
The water moccasin is almost dead.
You feel sick. The water moccasin bites you.
You are more poisoned.
The water moccasin poisons you!
You hit the kobold. You freeze the kobold.
You kill the kobold!
You feel very sick. The water moccasin closely misses you.
You feel very sick. The kobold closely misses you.
The water moccasin misses you.
You see here a +0 dagger.
You hit the kobold. You freeze the kobold.
You kill the kobold!
You feel very sick. The water moccasin bites you.
* * * LOW HITPOINT WARNING * * *
You hit the orc priest. You freeze the orc priest.
The orc priest is lightly wounded.
You feel sick. The water moccasin bites you.
* * * LOW HITPOINT WARNING * * *
You are more poisoned.
The water moccasin poisons you!
The orc priest invokes the aid of Beogh against you.
Beogh smites you!
* * * LOW HITPOINT WARNING * * *
You closely miss the orc priest. Your bite misses the orc priest.
The orc priest is lightly wounded.
* * * LOW HITPOINT WARNING * * *
You feel very sick.
The water moccasin bites you but does no damage.
Unknown command.
Unknown command.
Okay, then.
It was a potion of brilliance.
You feel clever all of a sudden.
You die...

#..#{########.....#
##.##.Zo..†K.$D.o.....#
.......o#########.....#
.....#.....#########.##
..#............###
#.#####
#.####..####....
#.....# #. #...### ..#
#.###.# #
##....###o#######.#
##.#.<.#@#.o...#o#
#.#####S#.#.#.#.#
#...###o..#.#.o.#
###..######.##### ##)##
#.# #..# #.# #### ...
###


You could see an orc warrior, a water moccasin and an orc priest.

Vanquished Creatures
  Sigmund (D:5)
  A wyvern (D:6)
  Menkaure (D:6)
  Edmund (D:6)
  A water moccasin (D:7)
  2 black bears
  A hornet zombie (D:6)
  An ogre (D:6)
  A sky beast (D:6)
  A centaur (D:6)
  2 phantoms
  3 scorpions
  An electric eel (D:6)
  3 howler monkeys (D:7)
  A bullfrog zombie (D:5)
  3 hounds (D:5)
  Crazy Yiuf (D:2)
  A centaur skeleton (D:5)
  Jessica (D:2)
  Natasha (D:4)
  2 orc wizards
  2 iguanas (D:6)
  A killer bee zombie (D:4)
  Robin (D:4)
  4 gnolls (D:6)
  6 adders
  2 white imps (D:7)
  2 dart slugs
  14 orcs
  7 endoplasms
  A giant cockroach (D:1)
  12 goblins
  10 hobgoblins
  2 jackals
  A quokka (D:1)
  7 ball pythons
  6 bats
  8 frilled lizards
  10 kobolds
  8 rats
134 creatures vanquished.

Notes
Turn   | Place    | Note
-------+----------+-------------------------------------------
     0 | D:1      | HAL9000 the Vine Stalker Brigand began the quest for the
                  | Orb.
     0 | D:1      | Reached XP level 1. HP: 11/11 MP: 2/2
    51 | D:1      | Found a faded altar of an unknown god.
   475 | D:1      | Reached XP level 2. HP: 15/15 MP: 3/3
   791 | D:1      | Reached XP level 3. HP: 18/18 MP: 4/4
  1336 | D:2      | Noticed Jessica
  1348 | D:2      | Killed Jessica
  1381 | D:2      | Gained mutation: Your natural rate of healing is unusually
                  | fast. [Vine Stalker growth]
  1381 | D:2      | Reached XP level 4. HP: 19/23 MP: 5/5
  1849 | D:2      | Found a runed translucent door.
  1850 | D:2      | Noticed Crazy Yiuf
  1866 | D:2      | Killed Crazy Yiuf
  1867 | D:2      | Reached skill level 5 in Stealth
  1867 | D:2      | Reached XP level 5. HP: 18/26 MP: 4/6
  2871 | D:4      | Noticed Natasha
  2875 | D:4      | Killed Natasha
  2876 | D:4      | Reached skill level 6 in Stealth
  3224 | D:4      | Noticed Natasha
  3331 | D:4      | Found an opulent altar of Gozag.
  3464 | D:4      | Noticed Robin
  3478 | D:4      | Reached skill level 7 in Stealth
  3492 | D:4      | Reached XP level 6. HP: 28/30 MP: 4/7
  3496 | D:4      | Killed Robin
  3826 | D:5      | Entered Level 5 of the Dungeon
  3836 | D:5      | Reached skill level 8 in Stealth
  3890 | D:5      | Reached skill level 9 in Stealth
  3890 | D:5      | Reached XP level 7. HP: 34/34 MP: 8/8
  3966 | D:5      | Noticed Sigmund
  3975 | D:5      | Killed Sigmund
  3976 | D:5      | Reached skill level 10 in Stealth
  4129 | D:5      | Reached skill level 11 in Stealth
  4129 | D:5      | Gained mutation: You have razor-sharp teeth. [Vine Stalker
                  | growth]
  4129 | D:5      | Reached XP level 8. HP: 38/38 MP: 7/9
  4421 | D:6      | Noticed a wyvern
  4423 | D:6      | Killed a wyvern
  4424 | D:6      | Reached skill level 12 in Stealth
  4636 | D:6      | Found a staircase to the Ecumenical Temple.
  4664 | D:6      | Reached skill level 13 in Stealth
  4667 | D:6      | Noticed Menkaure
  4672 | Temple   | Entered the Ecumenical Temple
  4906 | Temple   | Became a worshipper of Uskayaw the Reveller
  4989 | D:6      | Killed Menkaure
  4989 | D:6      | Reached * piety under Uskayaw
  5004 | D:6      | Identified the +3 hunting sling of the Fool {venom, rC+}
  5029 | D:6      | Reached ** piety under Uskayaw
  5265 | D:6      | Reached XP level 9. HP: 43/43 MP: 10/10
  5407 | D:6      | Noticed Edmund
  5408 | D:6      | Killed Edmund
  5409 | D:6      | Reached skill level 5 in Short Blades
  5415 | D:6      | Reached *** piety under Uskayaw
  5628 | D:7      | Reached **** piety under Uskayaw
  5631 | D:7      | Reached ***** piety under Uskayaw
  5646 | D:7      | Reached ****** piety under Uskayaw
  5680 | D:7      | HP: 1/44 [poisoned by a water moccasin]
  5681 | D:7      | Succumbed to a water moccasin's poison

Illustrated notes

Levels and vault maps discovered:
D:1:      minmay_arrival_five_plusses, layout_basic,
          ebering_ecumenical_altar_box, grunt_decor_fettered
D:2:      layout_rooms, uniq_jessica, uniq_crazy_yiuf_cottage
D:3:      layout_basic, due_unseen_surprise
D:4:      layout_loops_corners, kennysheep_little_box, uniq_robin, uniq_natasha
D:5:      layout_rooms, uniq_sigmund
D:6:      layout_loops_ring, temple_pool_b, minivault_4, uniq_menkaure,
          uniq_edmund
D:7:      old_forge, layout_rooms, minmay_misc_feat_ornament
Temple:   minmay_crystal_snake_temple

Skill      XL: |  1  2  3  4  5  6  7  8  9 |
---------------+----------------------------+-----
Short Blades   | 2 3 4 5 |  5.7
Stealth        | 5 7 9 11 13 | 13.3
Fighting       | 2 3 |  3.4
Throwing       | |  1.7
Dodging        | |  0.7

Action                   |  1- 3 |  4- 6 |  7- 9 || total
-------------------------+-------+-------+-------++-------
Melee: Dagger            |    65 |    97 |       ||   162
       Bite              |     8 |    49 |    48 ||   105
       Short sword       |       |    77 |   167 ||   244
Throw: Dart              |       |     5 |     4 ||     9
       Throwing net      |       |       |     1 ||     1
       Boomerang         |       |       |     8 ||     8
  Use: Scroll            |       |       |     1 ||     1
       Potion            |       |       |     1 ||     1
 Stab: Sleeping          |    15 |    11 |    11 ||    37
       Held in net/web   |       |       |     1 ||     1
       Paralysed         |       |       |     1 ||     1
Armor: Robe              |    12 |    51 |    33 ||    96
Dodge: Dodged            |    25 |   111 |   122 ||   258

Table legend: (Time is in decaauts)
 A = Elapsed time spent in this place.
 B = Non-inter-level travel time spent in this place.
 C = Inter-level travel time spent in this place.
 D = Time resting spent in this place.
 E = Time spent auto-exploring this place.
 F = Levels seen in this place.
 G = Mean time per level.
                   A        B        C        D        E       F      G
               +--------+--------+--------+--------+--------+-----+--------+
         Total |   5622 |   5367 |    255 |    145 |   4223 |   8 |  702.8 |
       Dungeon |   5353 |   5165 |    188 |    145 |   4023 |   7 |  764.7 |
        Temple |    268 |    201 |     67 |      0 |    200 |   1 |  268.0 |
               +--------+--------+--------+--------+--------+-----+--------+

Top non-repeatable levels by time:
     D:1: 1355 daAuts
     D:6: 991 daAuts
     D:4: 949 daAuts
     D:3: 850 daAuts
     D:2: 635 daAuts
     D:5: 481 daAuts
  Temple: 268 daAuts
     D:7: 90 daAuts
